Description

Quick all in with lings while building up to roaches/Ravengers Still need to test

Replay - 2017-02-26 - (Z)SayWhatAgain VS (Z)Crisper

Build Order

Get SALT Encoding   

  12  0:02  Drone  
  13  0:14  Overlord  
  13  0:18  Drone  
  14  0:43  Spawning Pool  
  14  0:47  Extractor  
  12  0:52  Drone x2  
  12  0:53  Drone  
  15  1:26  Hatchery  
  14  1:47  Queen  
  14  1:50  Metabolic Boost  
  16  1:57  Drone x2  
  18  2:34  Roach Warren  
  16  2:43  Zergling x8  
  20  2:44  Queen  
  22  2:56  Zergling x2  
  22  2:57  Zergling x2  
  24  2:59  Drone  
  25  3:21  Roach  
  25  3:25  Overlord, Zergling x2  
  26  3:44  Roach, Zergling x6  
  28  3:58  Zergling x2  
  28  4:00  Roach x2  
  32  4:07  Drone  
  33  4:22  Zergling x2, Roach x2  
  35  4:37  Overlord  
  33  5:11  Roach x3, Zergling x10  
  41  5:33  Ravager x3  
  44  5:35  Overlord x2  
Spawning Tool Build Advisor. Get it on Overwolf

Go to:

Details

  • Created by: crisperrgk
  • Published on: Feb 26, 2017
  • Modified on: Feb 26, 2017
  • Patch: 3.8.0
Show
View Real Time Build Order
Export as new Build Order

Comments (0)

There are no comments. Be the first!

Create an account to comment!